 Dungeon Crawl Stone Soup version 0.26-a0-651-gb41185065b (webtiles) character file.

Game seed: 8526526595189326559

60 Flugslaktarn the Shield-Bearer (level 4, 0/35 HPs)
             Began as a Human Fighter on Oct 26, 2020.
             Splashed by Ijyb's acid (14 damage)
             ... on level 3 of the Dungeon.
             The game lasted 00:00:48 (1720 turns).

Flugslaktarn the Shield-Bearer (Human Fighter)      Turns: 1720, Time: 00:00:49

Health: 0/35       AC:  2    Str: 17    XL:     4   Next: 24%
Magic:  4/4        EV:  7    Int:  8    God:
Gold:   92         SH:  9    Dex: 13    Spells: 3/3 levels left

rFire    . . .     SeeInvis .   a - +0 war axe
rCold    . . .     Faith    .   c - +0 kite shield
rNeg     . . .     Spirit   .   b - +0 scale mail
rPois    .         Reflect  .   (no helmet)
rElec    .         Harm     .   (no cloak)
rCorr    .         Rampage  .   (no gloves)
MR       .....                  (no boots)
Stlth    ..........             (no amulet)
HPRegen  0.11/turn              (no ring)
MPRegen  0.09/turn              (no ring)

@: corroded
A: no striking features
a: no special abilities


You were on level 3 of the Dungeon.
You visited 1 branch of the dungeon, and saw 3 of its levels.

You collected 92 gold pieces.

Inventory:

Hand Weapons
 a - a +0 war axe (weapon)
Armour
 b - a +0 scale mail (worn)
 c - a +0 kite shield (worn)
Scrolls
 e - a scroll of amnesia {unknown}
 f - 3 scrolls of identify {unknown}
 i - a scroll of teleportation {unknown}
 k - a scroll of magic mapping {unknown}
 l - a scroll of enchant armour {unknown}
 m - a scroll of remove curse {unknown}
Potions
 d - 2 potions of might
 g - 2 potions of flight {unknown}
 h - a potion of haste {unknown}
 j - a potion of heal wounds {unknown}
 n - a potion of lignification {unknown}


   Skills:
 + Level 3.4 Fighting
 * Level 3.1 Axes
 + Level 3.3 Armour
 + Level 3.4 Shields


You had 3 spell levels left.
You didn't know any spells.
Your spell library was empty.

Dungeon Overview and Level Annotations

Branches:
Dungeon (3/15)

Altars:
Fedhas
Yredelemnul

Portals:
Sewer: D:3

Annotations:
D:3 Ijyb


Message History

The bat hits you but does no damage.
You barely miss the bat. The bat hits you but does no damage.
The bat closely misses you.
You closely miss the bat. The bat hits you but does no damage. x2
The bat hits you but does no damage. The bat barely misses you. x2
You slash the bat!
You kill the bat!
No target in view!
No target in view!
You hear the slow rusting of a distant drain.
Ijyb the Twisted Goblin comes into view.
She is wielding a +0 dagger and carrying a wand of acid (5).
Ijyb shouts!
Ijyb is nearby!
Ijyb zaps a wand.
The bolt of acid hits you!
You are splashed with acid!
Found a glowing drain.
A worm comes into view.
Ijyb zaps a wand.
The bolt of acid hits you. The acid corrodes you!
You are splashed with acid!
You die...

.##.# ##.##
.##.# #..#
... ##.#
#### #.##
##..###
#.....#
#.#...###
#.....≈##
#.@..≈≈##
#...#≈≈###
....g.#≈≈#
#.###...#≈≈#
...##≈≈#
.####∩≈≈# ..
≈ ..


w You could see Ijyb and a worm.

Vanquished Creatures
  An adder (D:2)
  A worm (D:2)
  A leopard gecko (D:2)
  4 giant cockroaches
  6 goblins
  7 hobgoblins
  2 jackals (D:1)
  2 ball pythons (D:2)
  10 bats
  3 frilled lizards
  5 kobolds
  5 rats
47 creatures vanquished.

Notes
Turn   | Place    | Note
-------+----------+-------------------------------------------
     0 | D:1      | Flugslaktarn the Human Fighter began the quest for the Orb.
     0 | D:1      | Reached XP level 1. HP: 18/18 MP: 1/1
   120 | D:1      | Reached XP level 2. HP: 24/24 MP: 2/2
   336 | D:1      | Reached XP level 3. HP: 29/29 MP: 3/3
   495 | D:1      | You fall into a shaft and drop 1 floor!
  1119 | D:2      | Found a basalt altar of Yredelemnul.
  1245 | D:2      | Reached XP level 4. HP: 30/35 MP: 4/4
  1487 | D:2      | Found a blossoming altar of Fedhas.
  1717 | D:3      | Noticed Ijyb
  1719 | D:3      | Found a glowing drain.
  1720 | D:3      | Splashed by Ijyb's acid

Illustrated notes

Levels and vault maps discovered:
D:1:      doesnt_arrival_eight_statues, layout_loops_cross
D:2:      layout_loops_ring, lemuel_round_altar, fedhas_altar_4
D:3:      minmay_angry_zag, layout_basic, nicolae_overflow_hidden_temple,
          chequers_temple_overflow_statue_of_worship,
          cheibrodos_sewer_entry_bend, feat_on_display, uniq_terence, uniq_ijyb

Skill      XL: |  1  2  3  4 |
---------------+-------------+-----
Axes           | 3 |  3.1
Fighting       | |  3.4
Armour         | |  3.3
Shields        | |  3.4

Action                   |  1- 3 |  4- 6 || total
-------------------------+-------+-------++-------
Melee: War axe           |   123 |    27 ||   150
Armor: Scale mail        |    71 |    11 ||    82
Dodge: Dodged            |    39 |    11 ||    50
Block: Kite shield       |    66 |     8 ||    74

Table legend: (Time is in decaauts)
 A = Elapsed time spent in this place.
 B = Non-inter-level travel time spent in this place.
 C = Inter-level travel time spent in this place.
 D = Time resting spent in this place.
 E = Time spent auto-exploring this place.
 F = Levels seen in this place.
 G = Mean time per level.
                   A        B        C        D        E       F      G
               +--------+--------+--------+--------+--------+-----+--------+
         Total |   1787 |   1681 |    106 |      0 |   1316 |   3 |  595.7 |
       Dungeon |   1787 |   1681 |    106 |      0 |   1316 |   3 |  595.7 |
               +--------+--------+--------+--------+--------+-----+--------+

Top non-repeatable levels by time:
     D:2: 969 daAuts
     D:1: 751 daAuts
     D:3: 66 daAuts
